Map: [ESL] Alcyone

Players

Cyan

  • Race: Protoss Protoss
  • Spawn Location: 7:00

Reynor - Winner!

  • Race: Zerg Zerg
  • Spawn Location: 1:00

Event: IEM Katowice 2024

VOD

Have the link to the VOD?

Description

Time

  • Played on: Feb. 10, 2024, 8:38 a.m.
  • Length: 9:20

All games in this series

Show
View Real Time Build Order
Export as new Build Order

Cyan Protoss 

Build Orders: 1 Gate Expand, Archon Immortal, Dark Templar Rush 

Get SALT Encoding   

  12  0:00  Probe  
  13  0:13  Pylon  
  13  0:17  Probe (Chrono Boost)  
  14  0:27  Probe (Chrono Boost)  
  15  0:32  Probe (Chrono Boost)  
  16  0:40  Gateway  
  16  0:43  Probe  
  17  0:50  Assimilator  
  17  0:56  Probe  
  18  1:08  Probe  
  19  1:20  Probe  
  20  1:25  Nexus  
  20  1:35  Cybernetics Core  
  20  1:39  Probe  
  21  1:44  Assimilator  
  21  1:51  Probe  
  21  1:54  Pylon  
  22  2:03  Probe (Chrono Boost)  
  23  2:09  Adept (Chrono Boost)  
  23  2:12  Warp Gate  
  25  2:16  Probe (Chrono Boost)  
  25  2:21  Twilight Council  
  26  2:24  Probe (Chrono Boost)  
  27  2:32  Stalker  
  29  2:37  Probe (Chrono Boost)  
  29  2:43  Probe (Chrono Boost)  
  31  2:47  Probe (Chrono Boost)  
  31  2:51  Probe (Chrono Boost)  
  33  2:54  Probe  
  34  3:00  Dark Shrine  
  34  3:01  Probe  
  34  3:02  Adept  
  37  3:10  Probe  
  38  3:14  Pylon  
  38  3:21  Gateway  
  38  3:22  Probe  
  38  3:23  Probe  
  40  3:29  Gateway  
  40  3:34  Probe  
  40  3:37  Gateway  
  40  3:39  Probe  
  42  3:41  Resonating Glaives (Chrono Boost)  
  42  3:49  Probe  
  42  3:51  Pylon  
  42  3:54  Probe  
  44  4:02  Assimilator, Adept  
  44  4:03  Probe  
  44  4:07  Probe  
  44  4:09  Pylon  
  46  4:19  Adept  
  46  4:22  Probe  
  49  4:26  Nexus  
  49  4:28  Adept  
  51  4:35  Probe x2  
  51  4:38  Dark Templar  
  55  4:40  Dark Templar  
  55  4:43  Dark Templar  
  59  4:50  Probe  
  60  4:53  Assimilator, Shield Battery  
  60  4:57  Pylon  
  60  5:04  Dark Templar  
  59  5:09  Probe x2  
  61  5:15  Pylon  
  61  5:17  Pylon  
  59  5:25  Dark Templar  
  55  5:29  Dark Templar  
  55  5:30  Probe  
  55  5:34  Probe  
  58  5:42  Gateway  
  58  5:43  Probe  
  58  5:46  Probe  
  60  5:55  Probe  
  60  5:56  Adept x2  
  63  6:00  Nexus  
  63  6:01  Pylon  
  63  6:02  Probe  
  63  6:03  Robotics Facility  
  64  6:04  Pylon  
  64  6:07  Adept x2  
  68  6:17  Probe x2  
  70  6:20  Shield Battery  
  70  6:36  Adept x5  
  70  6:37  Probe  
  73  6:40  Forge  
  73  6:45  Probe  
  74  6:49  Immortal (Chrono Boost)  
  74  6:50  Probe  
  79  6:57  Probe, Adept x4  
  79  6:58  Adept  
  88  7:03  Probe  
  89  7:10  Probe  
  90  7:15  Shield Battery  
  90  7:19  Immortal (Chrono Boost)  
  85  7:38  Probe  
  85  7:39  Archon  
  85  7:40  Dark Templar x4  
  85  7:42  Immortal (Chrono Boost)  
  92  7:44  Gateway  
  92  7:47  Gateway  
  92  7:50  Gateway, Probe  
  97  7:52  Archon x2  
  97  7:56  Probe x2  
  99  8:01  Pylon  
  99  8:02  Probe  
  100  8:08  Probe  
  101  8:13  Pylon  
  101  8:14  Pylon  
  101  8:15  Shield Battery  
  101  8:16  Pylon  
  101  8:18  Immortal (Chrono Boost)  
  101  8:25  Dark Templar, Sentry  
  101  8:26  Sentry, Zealot  
  99  8:27  Probe  
  99  8:29  Probe  
  99  8:30  Archon  
  99  8:32  Probe  
  98  8:35  Assimilator  
  98  8:39  Probe  
  98  8:40  Assimilator  
  89  8:42  Stalker  
  89  8:47  Stalker x2  
  89  8:48  Stalker  
  87  8:50  Stalker x2  
  87  8:58  Adept  
Show
View Real Time Build Order
Export as new Build Order

Reynor Zerg - Winner!

Build Orders: Hatch First 

Get SALT Encoding   

  12  0:00  Drone  
  13  0:08  Drone  
  14  0:17  Extractor  
  14  0:18  Drone  
  15  0:38  Hatchery  
  15  0:42  Extractor  
  13  0:44  Drone  
  15  0:50  Overlord  
  15  1:05  Spawning Pool  
  15  1:08  Drone  
  15  1:11  Drone  
  15  1:15  Drone  
  17  1:19  Drone  
  18  1:30  Extractor, Drone  
  18  1:41  Drone  
  19  1:51  Drone, Queen  
  22  1:55  Drone  
  22  2:01  Zergling x2  
  24  2:05  Queen  
  26  2:10  Overlord  
  26  2:14  Zergling x2  
  27  2:16  Drone  
  28  2:28  Queen  
  30  2:32  Drone x2  
  30  2:33  Metabolic Boost  
  32  2:38  Drone  
  32  2:39  Zergling x2  
  34  2:47  Overlord  
  34  2:55  Hatchery  
  34  2:57  Drone  
  34  2:58  Drone  
  34  3:00  Drone  
  36  3:07  Drone x2  
  36  3:12  Overlord  
  38  3:15  Drone x2  
  38  3:17  Queen  
  42  3:20  Zergling x2  
  42  3:22  Drone  
  44  3:27  Roach Warren  
  44  3:33  Zergling x2, Queen  
  46  3:38  Overlord  
  46  3:42  Zergling x6  
  46  3:44  Zergling x2  
  46  3:45  Zergling x2  
  51  3:51  Spore Crawler  
  51  3:52  Spore Crawler  
  51  3:53  Zergling x2  
  50  4:00  Overlord  
  50  4:07  Roach x3  
  55  4:12  Roach x4  
  62  4:21  Roach x2  
  62  4:22  Queen  
  68  4:27  Overlord  
  67  4:33  Drone x2  
  67  4:34  Drone x2  
  71  4:40  Zergling x6  
  73  4:45  Overlord  
  73  4:50  Drone  
  73  4:51  Spore Crawler  
  73  4:53  Drone x3  
  73  4:54  Drone x2  
  73  4:59  Overlord  
  78  5:01  Drone x2  
  78  5:02  Drone  
  81  5:10  Spore Crawler  
  77  5:17  Lair  
  77  5:20  Drone x2  
  78  5:23  Drone  
  78  5:24  Drone  
  78  5:25  Drone  
  79  5:29  Drone x2  
  79  5:33  Overlord  
  79  5:35  Drone x2  
  75  5:44  Hatchery  
  75  5:47  Extractor  
  75  5:48  Extractor, Drone  
  71  5:50  Drone  
  71  5:53  Drone x2  
  71  5:54  Drone  
  75  5:58  Drone x2  
  77  6:06  Roach x4  
  85  6:12  Evolution Chamber  
  85  6:15  Overseer  
  85  6:17  Extractor  
  83  6:20  Glial Reconstitution  
  83  6:22  Drone x2, Overlord  
  83  6:24  Drone x2  
  83  6:25  Drone  
  88  6:30  Overlord  
  92  6:33  Roach x2  
  92  6:34  Drone  
  92  6:35  Drone  
  92  6:36  Drone  
  92  6:41  Zerg Missile Weapons Level 1  
  92  6:49  Overlord  
  92  6:50  Roach x2  
  92  6:51  Roach  
  98  6:58  Drone x3  
  98  7:00  Extractor  
  100  7:03  Roach x3  
  100  7:05  Roach  
  108  7:10  Overlord  
  108  7:16  Roach x3  
  108  7:20  Overlord  
  108  7:21  Roach x2  
  116  7:27  Roach x3  
  116  7:30  Drone x2  
  116  7:31  Drone x2  
  112  7:38  Drone  
  112  7:41  Roach x4  
  120  7:44  Ravager x2  
  120  7:49  Zergling x4  
  124  7:56  Zergling x2, Ravager  
  124  7:57  Zergling x2  
  127  8:00  Zergling x4, Roach x2  
  127  8:04  Overlord  
  133  8:06  Ravager  
  133  8:08  Drone x3  
  133  8:10  Overlord  
  133  8:11  Ravager x2  
  133  8:21  Drone x2  
  133  8:24  Zergling x2, Roach x3  
  133  8:26  Ravager  
  132  8:28  Drone x4  
  132  8:31  Ravager  
  132  8:33  Roach  
  137  8:35  Roach  
  137  8:37  Roach  
  137  8:39  Roach  
  137  8:40  Zergling x2  
  137  8:41  Zergling x2  
  133  8:43  Zergling x2  
  122  8:51  Ravager x2  
  122  8:54  Zergling x2, Roach x2  
  122  8:56  Zergling x2, Roach  
  122  8:58  Roach  
  122  8:59  Roach  

Tags
 
Add a new tag
Caveats
  • Supply blocks, unpowered buildings, or Contaminate may cause inaccurate times.
  • Supply counts are checked every 10 seconds.